 Dungeon Crawl Stone Soup version 0.21-a0-170-g0398fc9 (webtiles) character file.

16 tehllama the Digger (level 2, 0/15 HPs)
             Began as a Gargoyle Earth Elementalist on Aug 6, 2017.
             Slain by a jackal (3 damage)
             ... on level 1 of the Dungeon.
             The game lasted 00:00:36 (607 turns).

tehllama the Digger (Gargoyle Earth Elementalist)    Turns: 607, Time: 00:00:36

Health: 0/15       AC:  4    Str: 11    XL:     2   Next: 58%
Magic:  0/5        EV: 12    Int: 15    God:
Gold:   48         SH:  0    Dex: 10    Spells: 4/5 levels left

rFire    . . .     SeeInvis .   f - +0 club
rCold    . . .     Gourm    .   (no shield)
rNeg     + . .     Faith    .   c - +0 robe
rPois    ∞         Spirit   .   (no helmet)
rElec    +         Reflect  .   (no cloak)
rCorr    .         Harm     .   (no gloves)
MR       .....                  (no boots)
Stlth    ++........             (no amulet)
HPRegen  0.05/turn              (no ring)
MPRegen  0.09/turn              (no ring)

@: no status effects
A: negative energy resistance 1, electricity resistance, unbreathing,
petrification resistance, rot immunity, AC +2
a: no special abilities


You were on level 1 of the Dungeon.
You were not hungry.

You visited 1 branch of the dungeon, and saw 1 of its levels.

You collected 48 gold pieces.

Inventory:

Hand Weapons
 f - a +0 club (weapon)
Missiles
 b - 19 stones (quivered)
Armour
 c - a +0 robe (worn)
Scrolls
 a - a scroll of teleportation {unknown}
 h - a scroll of identify {unknown}
Potions
 i - 2 potions of brilliance {unknown}
Books
 e - a book of Geomancy

   Spells                             Type                      Level
   a - Sandblast                      Earth                        1
   b - Passwall                       Transmutation/Earth          2
   c - Stone Arrow                    Conjuration/Earth            3
   d - Petrify                        Transmutation/Earth          4
   e - Lee's Rapid Deconstruction     Earth                        5
Comestibles
 d - 2 bread rations
 g - 2 chunks of flesh


   Skills:
 - Level 1.5 Dodging
 - Level 2.1 Stealth
 + Level 1.0 Unarmed Combat
 + Level 2.1 Spellcasting
   Level 0.7 Transmutations
 + Level 4.2 Earth Magic


You had 4 spell levels left.
You knew the following spells:

 Your Spells              Type           Power        Failure   Level  Hunger
a - Sandblast             Erth           ##....       3%          1    #......


Dungeon Overview and Level Annotations

Branches:
Dungeon (1/15)

Altars:


Innate Abilities, Weirdness & Mutations

You are resistant to torment.
Your stone body is resilient. (AC +2)
You are immune to poison.
You resist negative energy. (rN+)
You are resistant to electric shocks. (rElec)
You can survive without breathing.
You are immune to petrification.
You are immune to rotting.


Message History

The blast of sand hits the jackal.
The jackal is almost dead.
b - 19 stones The jackal bites you.
Casting: Sandblast
Confirm with . or Enter, or press ? or * to list all spells.
You don't have enough magic to cast that spell.
No previous command to re-do.
You hit the jackal but do no damage.
The jackal is almost dead.
The jackal closely misses you.
The jackal bites you but does no damage.
You hit the jackal but do no damage.
The jackal is almost dead.
The jackal misses you. The jackal bites you.
* * * LOW HITPOINT WARNING * * *
You hit the jackal.
You kill the jackal!
The jackal bites you.
You die...

#...#####.#### #>...##.....#
.###.##.##.....#
...............######
####.#....#.$.......#. #.
######..................
###.##..........##...........
.......####....###K......>.?. #
#.######......@hK.#############
###.#.$........######.....<.....#
......#....#####.................
#.##.##$.### ........#######...
#.......## .######'##...# ##
.....##.# #...#.>.# ####....#
+...'...+ #.##.# ##.#######
#..#.# #'#.....###


You could see a jackal and 2 kobolds.

Vanquished Creatures
  A dart slug (D:1)
  2 bats (D:1)
  A goblin (D:1)
  2 hobgoblins (D:1)
  3 jackals (D:1)
  A frilled lizard (D:1)
  2 kobolds (D:1)
  A rat (D:1)
13 creatures vanquished.

Notes
Turn   | Place    | Note
-------+----------+-------------------------------------------
     0 | D:1      | tehllama the Gargoyle Earth Elementalist began the quest for the Orb.
     0 | D:1      | Reached XP level 1. HP: 10/10 MP: 3/3
   359 | D:1      | Reached skill level 4 in Earth Magic
   359 | D:1      | Reached XP level 2. HP: 7/15 MP: 0/5
   602 | D:1      | Reached skill level 1 in Unarmed Combat
   607 | D:1      | Slain by a jackal

Vault maps used:
D:1:      dpeg_arrival_water_fire

Skill      XL: |  1  2 |
---------------+-------+-----
Earth Magic    | 4 |  4.2
Unarmed Combat | 1 |  1.0
Dodging        | |  1.5
Stealth        | |  2.1
Spellcasting   | |  2.1
Transmutations | |  0.7

Action                   || total
-------------------------++-------
Melee: Unarmed           ||    13
       Club              ||    20
 Cast: Sandblast         ||    11
Armor: Robe              ||    14
Dodge: Dodged            ||    43
